 Dungeon Crawl Stone Soup version 0.30-a0-748-ge6a52f7cba (webtiles) character file.

Game seed: 15766169335237068806

202 jimonade the Shooter (level 5, 0/35 HPs)
             Began as an Octopode Hunter on Feb 8, 2023.
             Slain by a bullfrog (2 damage)
             ... on level 4 of the Dungeon.
             The game lasted 00:03:25 (3270 turns).

jimonade the Shooter (Octopode Hunter)              Turns: 3270, Time: 00:03:26

Health: 0/35       AC:  1    Str: 10    XL:     5   Next: 80%
Magic:  5/5        EV: 13    Int: 12    God:
Gold:   178        SH:  0    Dex: 17    Spells: 4/4 levels left

rFire   . . .      SeeInvis .    a - +0 shortbow
rCold   . . .      Faith    .    (shield currently unavailable)
rNeg    . . .      Spirit   .    (helmet restricted)
rPois   .          Reflect  .    (no amulet)
rElec   .          Harm     .    (no ring)
rCorr   .          Rampage  .    (no ring)
Will    .....                    (no ring)
Stlth   +++                      (no ring)
HPRegen 0.25/turn                (no ring)
MPRegen 0.09/turn                (no ring)
                                 (no ring)
                                 (no ring)

@: no status effects
A: almost no armour, amphibious, 8 rings, camouflage 1, gelatinous body 1,
(nimble swimmer 1), tentacles
a: no special abilities


You were on level 4 of the Dungeon.
You visited 1 branch of the dungeon, and saw 4 of its levels.

You collected 178 gold pieces.

Inventory:

Hand Weapons
 a - a +0 shortbow (weapon)
 l - a +0 sling
Missiles
 y - 5 poisoned darts
Armour
 e - an orb of light
Magical Staves
 k - a staff of death
Jewellery
 n - a ring of ice
Wands
 u - a wand of flame (18)
Scrolls
 b - a scroll of immolation
 c - 4 scrolls of teleportation {unknown}
 f - a scroll of identify {unknown}
 g - a scroll of silence {unknown}
 m - 4 scrolls of enchant weapon {unknown}
 o - a scroll of noise {unknown}
 p - 2 scrolls of fear {unknown}
 q - a scroll of magic mapping {unknown}
 s - a scroll of vulnerability {unknown}
Potions
 d - a potion of experience {unknown}
 h - a potion of curing {unknown}
 i - a potion of flight {unknown}
 j - a potion of degeneration {unknown}
 r - a potion of brilliance {unknown}
 t - a potion of haste {unknown}
 v - a potion of cancellation {unknown}
 w - a potion of might {unknown}
 x - a potion of berserk rage {unknown}
 z - a potion of heal wounds {unknown}
 A - a potion of attraction {unknown}


   Skills:
 + Level 2.7 Fighting
 * Level 6.5 Ranged Weapons
 + Level 2.0 Dodging
 + Level 1.4 Stealth


You had 4 spell levels left.
You didn't know any spells.
Your spell library contained the following spells:

 Spells                   Type           Power      Damage    Failure   Level
 Portal Projectile        Hex/Tloc       0%         N/A       69%         3
 Tukima's Dance           Hex            0%         N/A       69%         3
 Blade Hands              Tmut           0%         N/A       100%        5


Dungeon Overview and Level Annotations

Branches:
Dungeon (4/15)
 Temple: D:4-7

Altars:
Vehumet
Wu Jian

Annotations:
D:3 1 runed translucent door, exclusion: downstairs, jimonade's ghost, weakling OpHs


Innate Abilities, Weirdness & Mutations

You cannot wear most types of armour.
You are amphibious.
You can wear up to eight rings at the same time.
Your skin changes colour to match your surroundings (Stealth+).
Your rubbery body absorbs attacks. (AC +1, EV +1)
((You are camouflaged when in or above water. (Stealth+)))
You have tentacles for arms and can constrict up to eight enemies at once.


Message History

Fire: a) +0 shortbow
Press: ? - help, Q - select action, (/) - cycle Shift-Dir - straight line, f/p - bullfrog
Aim: a bullfrog (heavily wounded, 58% to hit)
You shoot an arrow. The arrow barely misses the bullfrog.
You hear a shout!
The bullfrog barely misses you. The bullfrog hits you.
Fire: a) +0 shortbow
Press: ? - help, Q - select action, (/) - cycle Shift-Dir - straight line, f/p - bullfrog
Aim: a bullfrog (heavily wounded, 58% to hit)
You shoot an arrow. The arrow misses the bullfrog.
The bullfrog barely misses you. The bullfrog hits you.
* * * LOW HITPOINT WARNING * * *
Fire: a) +0 shortbow
Press: ? - help, Q - select action, (/) - cycle Shift-Dir - straight line, f/p - bullfrog
Aim: a bullfrog (heavily wounded, 58% to hit)
You shoot an arrow. The arrow barely misses the bullfrog.
The bullfrog hits you but does no damage.
The bullfrog barely misses you.
Fire: a) +0 shortbow
Press: ? - help, Q - select action, (/) - cycle Shift-Dir - straight line, f/p - bullfrog
Aim: a bullfrog (heavily wounded, 58% to hit)
You shoot an arrow. The arrow hits the bullfrog.
The bullfrog is severely wounded.
The bullfrog closely misses you.
A kobold comes into view. It is wielding a +0 short sword.
The bullfrog hits you.
* * * LOW HITPOINT WARNING * * *
Fire: a) +0 shortbow
Press: ? - help, Q - select action, (/) - cycle Shift-Dir - straight line, f/p - bullfrog
Aim: a bullfrog (severely wounded, 58% to hit)
You shoot an arrow. The arrow closely misses the bullfrog.
The bullfrog misses you.
A hobgoblin comes into view.
The bullfrog misses you.
Fire: a) +0 shortbow
Press: ? - help, Q - select action, (/) - cycle Shift-Dir - straight line, f/p - bullfrog
Aim: a bullfrog (severely wounded, 58% to hit)
You shoot an arrow. The arrow barely misses the bullfrog.
The bullfrog hits you.
You die...

##########
.........#######
#..............#
#.......#####†#
#.......)<..#.#
#.......#...#.#
##....#.#####.#
#....#.....#.#
#....#.###.#@#
#....### #F#
#..........K.#
#.........g###
#..........
...$. ?.).. ....
....


You could see a bullfrog, a hobgoblin and a kobold.

Vanquished Creatures
  An ice beast (D:4)
  5 adders
  A worm (D:1)
  A dart slug (D:3)
  An orc (D:3)
  7 ball pythons
  7 bats
  5 endoplasms
  4 giant cockroaches
  4 hobgoblins
  3 quokkas
  2 frilled lizards
  5 goblins
  7 kobolds
  4 rats
57 creatures vanquished.

Notes
Turn   | Place    | Note
-------+----------+-------------------------------------------
     0 | D:1      | jimonade the Octopode Hunter began the quest for the Orb.
     0 | D:1      | Reached XP level 1. HP: 14/14 MP: 1/1
   154 | D:1      | Reached XP level 2. HP: 19/19 MP: 2/2
  1207 | D:2      | Reached XP level 3. HP: 24/24 MP: 3/3
  1347 | D:2      | Reached skill level 5 in Ranged Weapons
  1640 | D:2      | Found an ornate altar of the Wu Jian Council.
  1912 | D:2      | Reached XP level 4. HP: 29/29 MP: 4/4
  2519 | D:3      | Found a runed translucent door.
  2540 | D:3      | Noticed jimonade's ghost (weakling OpHs)
  2553 | D:3      | Found a radiant altar of Vehumet.
  3217 | D:4      | Noticed an ice beast
  3228 | D:4      | Killed an ice beast
  3229 | D:4      | Reached skill level 6 in Ranged Weapons
  3229 | D:4      | Reached XP level 5. HP: 35/35 MP: 5/5
  3267 | D:4      | HP: 1/35 [bullfrog (6)]
  3270 | D:4      | Slain by a bullfrog

Illustrated notes

Levels and vault maps discovered:
D:1:      minmay_arrival_jagged, layout_basic, corexii_leaking_fountain,
          nicolae_wormholes
D:2:      layout_basic, basic_altar, st_stairs_1, minivault_4,
          minmay_box_of_dots
D:3:      layout_basic, fiery_altar_vehumet, ebering_ghost_reflecting_pool,
          kennysheep_minor_cross, minivault_26, roderic_cross_of_infinity,
          minmay_fractal_squares_5
D:4:      layout_basic, zin_purify, nicolae_uskayaw_murder_on_the_dancefloor,
          nicolae_overflow_hidden_temple, uniq_edmund, uniq_natasha

Skill      XL: |  1  2  3  4 |
---------------+-------------+-----
Ranged Weapons | 5 6 |  6.5
Fighting       | |  2.7
Dodging        | |  2.0
Stealth        | |  1.4

Action                     |  1- 3 |  4- 6 || total
---------------------------+-------+-------++-------
   Fire: Shortbow          |   110 |    71 ||   181
 Armour: Skin              |     9 |     5 ||    14
  Dodge: Dodged            |    24 |    27 ||    51

Table legend: (Time is in decaauts)
 A = Elapsed time spent in this place.
 B = Non-inter-level travel time spent in this place.
 C = Inter-level travel time spent in this place.
 D = Time resting spent in this place.
 E = Time spent auto-exploring this place.
 F = Levels seen in this place.
 G = Mean time per level.
                   A        B        C        D        E       F      G
               +--------+--------+--------+--------+--------+-----+--------+
         Total |   3312 |   3106 |    206 |    100 |   2603 |   4 |  828.0 |
       Dungeon |   3312 |   3106 |    206 |    100 |   2603 |   4 |  828.0 |
               +--------+--------+--------+--------+--------+-----+--------+

Top non-repeatable levels by time:
     D:1: 1197 daAuts
     D:3: 1027 daAuts
     D:2: 1020 daAuts
     D:4: 67 daAuts
